 Dungeon Crawl Stone Soup version 0.29-a0-284-gf9362112df (webtiles) character file.

Game seed: 15548851285206178772

91 sammy202020 the Insei (level 4, -1/29 HPs)
             Began as an Octopode Transmuter on Mar 18, 2022.
             Slain by an orc priest
             ... wielding a +0 war axe
              (6 damage)
             ... on level 3 of the Dungeon.
             The game lasted 00:06:35 (2692 turns).

sammy202020 the Insei (Octopode Transmuter)         Turns: 2692, Time: 00:06:36

Health: -1/29      AC:  1    Str:  9    XL:     4   Next: 57%
Magic:  6/7        EV: 13    Int: 17    God:
Gold:   117        SH:  0    Dex: 12    Spells: 5/8 levels left

rFire   . . .      SeeInvis .     - Unarmed
rCold   . . .      Faith    .   (no shield)
rNeg    . . .      Spirit   .   (helmet currently unavailable)
rPois   .          Reflect  .   (no amulet)
rElec   .          Harm     .   (no ring)
rCorr   .          Rampage  .   (no ring)
Will    .....                   (no ring)
Stlth   ++........              (no ring)
HPRegen 0.09/turn               (no ring)
MPRegen 0.10/turn               (no ring)
                                (no ring)
                                (no ring)

@: appendages
A: tentacle spike 3, almost no armour, amphibious, 8 rings, camouflage 1,
gelatinous body 1, (nimble swimmer 1), tentacles
a: End Transformation


You were on level 3 of the Dungeon.
One of your tentacles had grown a beastly spike.
You visited 1 branch of the dungeon, and saw 3 of its levels.

You collected 117 gold pieces.

Inventory:

Scrolls
 c - a scroll of blinking
 e - 2 scrolls of identify
Potions
 a - 2 potions of lignification
 b - a potion of flight


   Skills:
 + Level 2.0 Fighting
 + Level 2.7 Dodging
 + Level 3.5 Unarmed Combat
 + Level 2.5 Spellcasting
 + Level 2.6 Transmutations


You had 5 spell levels left.
You knew the following spells:

 Your Spells              Type           Power      Damage    Failure   Level
a - Beastly Appendage     Tmut           22%        N/A       6%          1
b - Wereblood             Tmut           11%        N/A       10%         2

Your spell library contained the following spells:

 Spells                   Type           Power      Damage    Failure   Level
 Spider Form              Tmut/Pois      6%         N/A       32%         3
 Ice Form                 Ice/Tmut       6%         N/A       71%         4


Dungeon Overview and Level Annotations

Branches:
Dungeon (3/15)

Altars:


Innate Abilities, Weirdness & Mutations

One of your tentacles has grown a beastly spike.
You cannot wear most types of armour.
You are amphibious.
You can wear up to eight rings at the same time.
Your skin changes colour to match your surroundings (Stealth+).
Your rubbery body absorbs attacks. (AC +1, EV +1)
((You are camouflaged when in or above water. (Stealth+)))
You have tentacles for arms and can constrict up to eight enemies at once.


Message History

No target in view!
There is a stone staircase leading up here.
Found a stone staircase leading down.
An orc priest comes into view. It is wielding a +0 war axe.
An orc priest is nearby!
An orc comes into view. It is wielding a +0 war axe.
An orc comes into view. It is wielding a +0 club.
The orc shouts! x2
The orc priest invokes the aid of Beogh against you.
Pain shoots through your body!
An orc comes into view. It is wielding a +1 vampiric falchion.
The orc hits you with a +0 war axe!
The orc priest hits you with a +0 war axe!
* * * LOW HITPOINT WARNING * * *
You are too injured to fight recklessly!
You are too injured to fight recklessly!
You are too injured to fight recklessly!
You are too injured to fight recklessly!
You are too injured to fight recklessly!
You are too injured to fight recklessly!
You are too injured to fight recklessly!
You are too injured to fight recklessly!
You are too injured to fight recklessly!
Unknown command.
You are too injured to fight recklessly!
You are too injured to fight recklessly!
Casting: Beastly Appendage (safe; 6% risk of failure)
Confirm with . or Enter, or press ? or * to list all spells.
One of your tentacles grows a vicious spike.
The orc shouts!
The orc barely misses you.
You tentacle-slap the orc. Your grab misses the orc.
You pierce the orc.
You kill the orc!
The orc closely misses you.
You barely miss the orc priest. You grab the orc priest.
You pierce the orc priest.
You squeeze the orc priest.
The orc priest is heavily wounded.
You constrict the orc priest. The orc barely misses you.
The orc priest hits you with a +0 war axe.
You die...

## .# ###+##.# #......#
#......# #......######
#...ooo...... #@.# #..#
#..# # ..#.#..#######.#
.......>........#
.....$.......##########
..................)....
........##.#.......<##.
........+.......#....#.


You could see an orc priest and 2 orcs.

Vanquished Creatures
  2 gnolls (D:1)
  An adder (D:2)
  A worm (D:2)
  A dart slug (D:2)
  An orc (D:3)
  3 bats
  5 endoplasms
  A giant cockroach (D:1)
  6 goblins
  9 hobgoblins
  2 jackals (D:2)
  4 quokkas
  6 ball pythons (D:1)
  7 kobolds
  3 rats
52 creatures vanquished.

Vanquished Creatures (others)
  5 plants (D:1)
5 creatures vanquished.

Grand Total: 57 creatures vanquished

Notes
Turn   | Place    | Note
-------+----------+-------------------------------------------
     0 | D:1      | sammy202020 the Octopode Transmuter began the quest for the
                  | Orb.
     0 | D:1      | Reached XP level 1. HP: 13/13 MP: 3/3
    49 | D:1      | Reached XP level 2. HP: 2/18 MP: 5/5
    52 | D:1      | Learned a level 2 spell: Wereblood
   615 | D:1      | Reached XP level 3. HP: 23/23 MP: 4/6
   883 | D:1      | Found a faded altar of an unknown god.
  1798 | D:2      | Reached XP level 4. HP: 23/29 MP: 5/7
  2692 | D:3      | Slain by an orc priest

Illustrated notes

Levels and vault maps discovered:
D:1:      dpeg_arrival_solitude, layout_loops_ring, serial_aquarium,
          aquarium_bridge_square [aquarium_subvault_window,
          aquarium_subvault_bridge, aquarium_subvault_bridge,
          aquarium_subvault_window], aquarium_bridge_long_separate
          [aquarium_subvault_bridge, aquarium_subvault_bridge,
          aquarium_subvault_balcony, aquarium_subvault_balcony,
          aquarium_subvault_wall, aquarium_subvault_bridge],
          aquarium_window_corridor_3, aquarium_window_fake,
          aquarium_window_corner, aquarium_view_2a, aquarium_view_2d,
          hellmonk_ecumenical_altar_blasted,
          nicolae_concentric_dashed_squares_mild, corexii_hall_statues_i,
          nicolae_grassy_gnolls
D:2:      layout_loops_ring
D:3:      minmay_evil_eye, layout_basic, gup_sewer_entry_bowl, serial_shops,
          nicolae_shop_behind_doors

Skill      XL: |  1  2  3  4 |
---------------+-------------+-----
Fighting       | 2 |  2.0
Dodging        | |  2.7
Unarmed Combat | |  3.5
Spellcasting   | |  2.5
Transmutations | |  2.6

Action                   |  1- 3 |  4- 6 || total
-------------------------+-------+-------++-------
Melee: Unarmed           |    80 |    32 ||   112
       Constrict         |    20 |    12 ||    32
       Tentacles         |    19 |    10 ||    29
       Punch             |     2 |     1 ||     3
       Kick              |    18 |     8 ||    26
 Cast: Beastly Appendage |    18 |     7 ||    25
       Wereblood         |     1 |       ||     1
  Use: Scroll            |       |     4 ||     4
 Stab: Distracted        |     1 |       ||     1
       Sleeping          |     7 |     2 ||     9
Armor: Skin              |     6 |     1 ||     7
Dodge: Dodged            |    34 |    21 ||    55

Table legend: (Time is in decaauts)
 A = Elapsed time spent in this place.
 B = Non-inter-level travel time spent in this place.
 C = Inter-level travel time spent in this place.
 D = Time resting spent in this place.
 E = Time spent auto-exploring this place.
 F = Levels seen in this place.
 G = Mean time per level.
                   A        B        C        D        E       F      G
               +--------+--------+--------+--------+--------+-----+--------+
         Total |   2684 |   2684 |      0 |      0 |   2259 |   3 |  894.7 |
       Dungeon |   2684 |   2684 |      0 |      0 |   2259 |   3 |  894.7 |
               +--------+--------+--------+--------+--------+-----+--------+

Top non-repeatable levels by time:
     D:1: 1718 daAuts
     D:2: 931 daAuts
     D:3: 33 daAuts
